 Dungeon Crawl Stone Soup version 0.23.2-40-g277498a001 (webtiles) character file.

Game seed: 16705876157561419929

15457 DildoBatman the Geomancer (level 12, -2/89 HPs)
             Began as a Formicid Wizard on Sept 10, 2019.
             Was a High Priest of Kikubaaqudgha.
             Slain by a two-headed ogre
             ... wielding a +0 giant spiked club
              (28 damage)
             ... on level 2 of the Orcish Mines.
             The game lasted 01:00:03 (12522 turns).

DildoBatman the Geomancer (Formicid Wizard)        Turns: 12522, Time: 01:00:03

Health: -2/89      AC:  6    Str: 15    XL:     12   Next: 57%
Magic:  1/22       EV: 13    Int: 26    God:    Kikubaaqudgha [*****.]
Gold:   407        SH:  4    Dex: 12    Spells: 6/25 levels left

rFire    . . .     SeeInvis +   a - +9 hunting sling "Eradgh" {venom, rPois Dex+3}
rCold    . . .     Gourm    .   D - +0 buckler
rNeg     . . .     Faith    +   o - +1 troll leather armour
rPois    +         Spirit   .   (helmet unavailable)
rElec    .         Reflect  .   (no cloak)
rCorr    .         Harm     .   c - +0 pair of gloves
MR       +....                  (no boots)
Stlth    ++........             q - amulet of faith
HPRegen  0.64/turn              h - +3 ring of intelligence
MPRegen  0.18/turn              C - ring of Vedwex {Str+3 SInv}

@: no status effects
A: permanent stasis, dig shafts and tunnels, four strong arms, antennae 3
a: Dig, Shaft Self, Receive Corpses, Torment, Renounce Religion


You were on level 2 of the Orcish Mines.
You worshipped Kikubaaqudgha.
Kikubaaqudgha was extremely pleased with you.
You were near starving.

You visited 3 branches of the dungeon, and saw 14 of its levels.
You also visited: Ossuary.

You collected 847 gold pieces.
You spent 440 gold pieces at shops.

Inventory:

Hand Weapons
 a - the +9 hunting sling "Eradgh" (weapon) {venom, rPois Dex+3}
   (You found it on level 8 of the Dungeon)

   It poisons the ammo it fires.
   It affects your dexterity (+3).
   It protects you from poison.
 b - a +2 demon trident of electrocution
Missiles
 j - 195 arrows
 s - 138 sling bullets
 B - 16 bolts
 J - 325 stones (quivered)
 R - a throwing net
Armour
 c - a +0 pair of gloves (worn)
 o - a +1 troll leather armour (worn)
 p - the +1 ring mail of Buoplaam {rElec rPois Regen+ Slay-3}
   (You found it on level 5 of the Dungeon)

   It affects your accuracy and damage with ranged weapons and melee attacks
   (-3).
   It insulates you from electricity.
   It protects you from poison.
   It increases your rate of regeneration.
 D - a +0 buckler (worn)
Magical Staves
 O - an uncursed staff of conjuration
Jewellery
 h - a +3 ring of intelligence (left hand)
 q - an amulet of faith (around neck)
 u - an uncursed ring of protection from fire
 C - the ring of Vedwex (right hand) {Str+3 SInv}
   (You found it on level 4 of the Dungeon)

   [ring of see invisible]

   It affects your strength (+3).
   It lets you see invisible.
 I - an uncursed ring of protection from cold
 M - an uncursed ring of flight
Wands
 n - a wand of iceblast (8)
 A - a wand of flame (44)
 K - a wand of scattershot (6)
Scrolls
 d - 3 scrolls of fear
 e - a scroll of blinking {unknown}
 k - a scroll of vulnerability {unknown}
 r - 2 scrolls of amnesia
 x - 5 scrolls of remove curse
 N - a scroll of fog {unknown}
 Q - a scroll of magic mapping {unknown}
 W - 3 scrolls of immolation
 Y - a scroll of enchant weapon {unknown}
Potions
 f - 7 potions of lignification
 g - 2 potions of mutation {unknown}
 i - 7 potions of flight {unknown}
 l - 2 potions of brilliance {unknown}
 m - 4 potions of haste {unknown}
 t - 2 potions of agility
 w - 3 potions of invisibility {unknown}
 F - 4 potions of curing
 G - 5 potions of resistance {unknown}
 H - 6 potions of degeneration {unknown}
 L - 2 potions of heal wounds {unknown}
 V - a potion of berserk rage {unknown}
 X - a potion of might {unknown}
Miscellaneous
 y - a lamp of fire (inert)
Comestibles
 v - 19 rations
 E - 6 chunks of flesh


   Skills:
 * Level 6.3 Fighting
 - Level 4.0 Slings
 * Level 3.5 Armour
 * Level 3.5 Dodging
 - Level 2.4 Stealth
 - Level 3.8 Shields
 - Level 7.1 Spellcasting
 - Level 6.0 Conjurations
   Level 1.0 Summonings
 * Level 8.8 Necromancy
   Level 0.8 Translocations
 - Level 5.0 Fire Magic
 - Level 5.0 Air Magic
 - Level 9.0 Earth Magic
 - Level 6.0 Poison Magic


You had 6 spell levels left.
You knew the following spells:

 Your Spells              Type           Power        Failure   Level  Hunger
a - Conjure Flame         Conj/Fire      #####...     2%          3    None
b - Borgnjor's Vile Clut  Necr/Erth      ######....   5%          5    #####..
c - Magic Dart            Conj           ####         1%          1    None
e - Mephitic Cloud        Conj/Pois/Air  #####...     2%          3    None
h - Dispel Undead         Necr           ######..     5%          5    #####..
z - Sublimation of Blood  Necr           ######....   1%          2    None

Your spell library contained the following spells:

 Spells                   Type           Power        Failure   Level  Hunger
 Animate Skeleton         Necr           N/A          1%          1    None
 Pain                     Necr           ####         1%          1    None
 Vampiric Draining        Necr           ######....   1%          3    None
 Animate Dead             Necr           N/A          1%          4    ###....
 Static Discharge         Conj/Air       #####...     2%          3    None
 Agony                    Necr           ######..     5%          5    #####..
 Call Imp                 Summ           ##......     8%          2    None
 Slow                     Hex            #.......     12%         2    None
 Lightning Bolt           Conj/Air       #####.....   22%         5    #####..
 Excruciating Wounds      Chrm/Necr      ####......   34%         5    #####..
 Ignition                 Fire           #####.....   100%        8    #######
 Shatter                  Erth           ######....   100%        9    #######
 Tornado                  Air            #####.....   100%        9    #######
 Blink                    Tloc           Unusable     N/A         2    N/A

Dungeon Overview and Level Annotations

Branches:
Dungeon (11/15)            Temple (1/1) D:4            Lair (0/6) D:8
    Orc (2/2) D:10            Elf (0/3) Orc:2

Altars:
Ashenzari
Cheibriados
Dithmenos
Elyvilon
Fedhas
Gozag
Hepliaklqana
Kikubaaqudgha
Makhleb
Nemelex Xobeh
Okawaru
Qazlal
Ru
Sif Muna
Trog
Uskayaw
Vehumet
Wu Jian
Xom
Yredelemnul
Zin
The Shining One
Beogh

Shops:
D:8 =


Innate Abilities, Weirdness & Mutations

You cannot be hasted, slowed, berserked, paralysed or teleported.
You can dig through walls and to a lower floor.
Your four strong arms can wield two-handed weapons with a shield.
You have a pair of large antennae on your head. (SInv)


Message History

a +0 giant spiked club a cursed +0 giant club 4 stones a two-headed ogre corpse You extend your mandibles.
You dig through the rock wall.
You dig through the rock wall.
The two-headed ogre seems less confused.
This wall is too hard to dig through.
This wall is too hard to dig through.
You dig through the rock wall.
The orc priest calls down the wrath of Beogh upon you.
Beogh smites you!
The two-headed ogre hits you with a +0 giant spiked club!!
The two-headed ogre hits you with a cursed -1 giant club!!
You hear a shout!
You dig through the rock wall.
The two-headed ogre hits you with a +0 giant spiked club!!
You die...
Kikubaaqudgha rasps: "You have failed me!
Welcome... death!"

###### ###
##...(###O# #####
##).###.#O.#
#.#.###O.#####)#@#
.#..o#)####.#.#.##
o.#..)####{#o###.#
....((.##.###(#(##
...{{..##.###..##
...{{{.#...#.###
.)_...<...#.##
O(....O..####
.......<..


You could see 2 two-headed ogres.

Vanquished Creatures
  Snorg (Orc:2)
  4 two-headed ogres
  An ogre mage (Orc:2)
  A centaur warrior (D:11)
  3 cyclopes (D:11)
  A komodo dragon (D:7)
  A troll (D:11)
  A hippogriff (D:7)
  2 hornets
  Grum (D:11)
  11 yaks
  Eustachio (D:4)
  A warg (Orc:1)
  Menkaure (D:4)
  A water moccasin (D:9)
  Edmund (D:5)
  Duvessa (D:5)
  A sky beast (D:7)
  3 black bears
  5 orc warriors
  3 ice beasts
  An eye of draining (D:11)
  10 ogres
  3 phantoms
  8 centaurs
  4 wolves (D:11)
  A crocodile (D:8)
  3 big kobolds
  7 bullfrogs
  Blork the orc (D:4)
  A bullfrog (shapeshifter) (D:11)
  2 scorpions
  Dowan (D:5)
  10 killer bees
  3 howler monkeys
  4 centaur zombies
  5 crimson imps
  A bullfrog zombie (D:11)
  2 jellies
  8 orc priests
  4 hounds
  2 human zombies (Ossuary)
  An iguana (D:9)
  15 orc wizards
  Ijyb (D:4)
  Natasha (thrice) (D:3)
  6 worker ants
  A killer bee zombie (D:5)
  A big kobold zombie (Ossuary)
  A hound zombie (D:8)
  A hound skeleton (D:4)
  4 mummies (Ossuary)
  2 worker ant zombies (D:8)
  Robin (D:1)
  2 howler monkey skeletons (D:8)
  9 gnolls
  10 adders
  6 shadow imps
  An adder zombie (D:7)
  An adder skeleton (D:7)
  A worm (D:2)
  7 leopard geckos
  41 orcs
  3 bats (D:2)
  7 giant cockroaches
  10 hobgoblins
  11 jackals
  17 kobolds
  8 quokkas
  A ball python (D:5)
  4 frilled lizards
  18 goblins
  2 hobgoblin zombies (Ossuary)
  An orc zombie (Ossuary)
  10 rats
333 creatures vanquished.

Vanquished Creatures (others)
  A gnoll (D:8)
1 creature vanquished.

Grand Total: 334 creatures vanquished

Notes
Turn   | Place    | Note
-------+----------+-------------------------------------------
     0 | D:1      | DildoBatman the Formicid Wizard began the quest for the
                  | Orb.
     0 | D:1      | Reached XP level 1. HP: 13/13 MP: 4/4
   129 | D:1      | Reached skill level 1 in Conjurations
   329 | D:1      | Reached XP level 2. HP: 4/19 MP: 0/6
  1331 | D:2      | Reached XP level 3. HP: 24/24 MP: 5/7
  1336 | D:2      | Learned a level 3 spell: Conjure Flame
  1340 | D:2      | Learned a level 3 spell: Mephitic Cloud
  1478 | D:2      | Noticed Robin
  1759 | D:2      | Found an ornate altar of the Wu Jian Council.
  2161 | D:2      | Reached XP level 4. HP: 8/30 MP: 1/8
  2892 | D:3      | Reached XP level 5. HP: 28/35 MP: 2/9
  3064 | D:3      | Noticed Natasha
  3247 | D:3      | Found a radiant altar of Vehumet.
  3247 | D:3      | Found a shimmering altar of Xom.
  3511 | D:3      | Noticed a centaur
  3533 | D:3      | Killed a centaur
  3533 | D:3      | Reached skill level 5 in Conjurations
  3533 | D:3      | Reached XP level 6. HP: 5/41 MP: 0/10
  3901 | D:4      | Reached skill level 1 in Shields
  4042 | D:4      | Found a staircase to the Ecumenical Temple.
  4043 | D:4      | Noticed Ijyb
  4061 | Temple   | Entered the Ecumenical Temple
  4113 | Temple   | Became a worshipper of Kikubaaqudgha
  4141 | D:4      | Killed Ijyb
  4141 | D:4      | Reached XP level 7. HP: 42/46 MP: 8/11
  4236 | D:4      | Noticed Menkaure
  4337 | D:4      | Found a snail-covered altar of Cheibriados.
  4340 | D:4      | Noticed Eustachio
  4350 | D:4      | Killed Eustachio
  4361 | D:4      | Got a smoking brass ring
  4362 | D:4      | Identified the ring of Vedwex {Str+3 SInv} (You found it on
                  | level 4 of the Dungeon)
  4480 | D:4      | Found a sacrificial altar of Ru.
  4815 | D:3      | Killed Natasha
  4886 | D:3      | Noticed Natasha
  4894 | D:3      | Killed Natasha
  4894 | D:3      | Reached skill level 1 in Poison Magic
  4999 | D:3      | Noticed Natasha
  5005 | D:3      | Killed Natasha
  5204 | D:1      | Killed Robin
  5204 | D:1      | Reached skill level 1 in Fire Magic
  5272 | D:4      | Killed Menkaure
  5272 | D:4      | Reached skill level 1 in Air Magic
  5272 | D:4      | Reached XP level 8. HP: 28/52 MP: 8/12
  5281 | D:5      | Entered Level 5 of the Dungeon
  5371 | D:5      | Found a transporter.
  5419 | D:5      | Found a transporter.
  5550 | D:5      | Noticed Dowan
  5564 | D:5      | Killed Dowan
  5567 | D:5      | Noticed Duvessa
  5605 | D:5      | Killed Duvessa
  5751 | D:5      | Noticed Edmund
  5762 | D:5      | Killed Edmund
  5762 | D:5      | Reached skill level 5 in Poison Magic
  5775 | D:5      | Reached XP level 9. HP: 48/57 MP: 4/13
  5794 | D:5      | Noticed Blork the orc
  5877 | D:5      | Reached * piety under Kikubaaqudgha
  5877 | D:5      | Identified Kikubaaqudgha's Disquisition on Stolen Souls
                  | (Kikubaaqudgha gifted it to you on level 5 of the Dungeon)
  5877 | D:5      | Received a gift from Kikubaaqudgha
  5937 | D:5      | Reached skill level 5 in Fire Magic
  6047 | D:4      | Killed Blork the orc
  6158 | D:5      | Got a warped ring mail
  6171 | D:5      | Identified the cursed +1 ring mail of Buoplaam {rElec rPois
                  | Regen+ Slay-3} (You found it on level 5 of the Dungeon)
  6447 | D:6      | Found a blossoming altar of Fedhas.
  6625 | D:6      | Reached skill level 5 in Air Magic
  6859 | D:6      | Found a hazy altar of Hepliaklqana.
  7142 | D:6      | Found a bloodstained altar of Trog.
  7332 | D:7      | Noticed a komodo dragon
  7360 | D:7      | Killed a komodo dragon
  7360 | D:7      | Reached skill level 5 in Spellcasting
  7392 | D:7      | Noticed a hornet
  7406 | D:7      | Killed a hornet
  7470 | D:7      | Reached XP level 10. HP: 27/63 MP: 2/19
  7555 | D:7      | Reached ** piety under Kikubaaqudgha
  7610 | D:7      | Found a sand-covered staircase.
  7657 | D:7      | Reached skill level 1 in Necromancy
  7688 | Ossuary  | Entered an ossuary
  8143 | D:7      | Got a shimmering robe
  8183 | D:7      | Identified the +1 robe of Tenacity {rCorr Int+2} (You found
                  | it on level 7 of the Dungeon)
  8339 | D:7      | Found a glowing golden altar of the Shining One.
  8350 | D:7      | Found a deep blue altar of Sif Muna.
  8638 | D:8      | Found a staircase to the Lair.
  8693 | D:8      | Got a crystal hunting sling
  8694 | D:8      | Identified the +9 hunting sling "Eradgh" {venom, rPois
                  | Dex+3} (You found it on level 8 of the Dungeon)
  8727 | D:8      | Found Yrri Ura's Jewellery Shoppe.
  8799 | D:8      | You fall through a shaft!
  8817 | D:9      | Reached skill level 1 in Fighting
  8817 | D:9      | Reached skill level 1 in Slings
  8817 | D:9      | Reached skill level 5 in Necromancy
  8900 | D:8      | Bought an uncursed amulet of faith for 440 gold pieces
  9017 | D:8      | Reached *** piety under Kikubaaqudgha
  9017 | D:8      | Identified Kikubaaqudgha's Reference Book on Unholy Arts
                  | (Kikubaaqudgha gifted it to you on level 8 of the Dungeon)
  9017 | D:8      | Received a gift from Kikubaaqudgha
  9025 | D:8      | Learned a level 5 spell: Dispel Undead
  9031 | D:8      | Learned a level 5 spell: Borgnjor's Vile Clutch
  9034 | D:8      | Learned a level 2 spell: Sublimation of Blood
  9035 | D:8      | Found a white marble altar of Elyvilon.
  9980 | D:9      | Reached XP level 11. HP: 75/75 MP: 17/21
 10226 | D:10     | Entered Level 10 of the Dungeon
 10466 | D:10     | Reached skill level 1 in Earth Magic
 10553 | D:10     | Reached **** piety under Kikubaaqudgha
 10570 | D:10     | Reached skill level 2 in Earth Magic
 10590 | D:10     | Reached skill level 5 in Fighting
 10590 | D:10     | Reached skill level 3 in Earth Magic
 10632 | D:10     | Found a staircase to the Orcish Mines.
 10835 | Orc:1    | Entered Level 1 of the Orcish Mines
 10857 | D:11     | Noticed a cyclops
 10862 | D:11     | Noticed a two-headed ogre
 10918 | D:11     | Reached skill level 4 in Earth Magic
 11185 | D:11     | Noticed a cyclops
 11227 | D:11     | Reached skill level 5 in Earth Magic
 11238 | D:11     | Killed a two-headed ogre
 11349 | D:11     | Killed a cyclops
 11349 | D:11     | Reached skill level 6 in Earth Magic
 11367 | D:11     | Noticed a two-headed ogre
 11377 | D:11     | Killed a two-headed ogre
 11377 | D:11     | Reached skill level 7 in Earth Magic
 11379 | D:11     | Reached ***** piety under Kikubaaqudgha
 11494 | D:11     | Noticed a cyclops
 11512 | D:11     | Killed a cyclops
 11782 | D:11     | Noticed Grum
 11786 | D:11     | Reached skill level 8 in Earth Magic
 11786 | D:11     | Reached XP level 12. HP: 75/86 MP: 16/22
 11789 | D:11     | Killed Grum
 11974 | D:11     | Noticed a centaur warrior
 12002 | D:11     | Killed a centaur warrior
 12002 | D:11     | Reached skill level 1 in Armour
 12408 | Orc:2    | Entered Level 2 of the Orcish Mines
 12408 | Orc:2    | Found a roughly hewn altar of Beogh.
 12408 | Orc:2    | Noticed Snorg
 12419 | Orc:2    | Found a staircase to the Elven Halls.
 12454 | Orc:2    | Killed Snorg
 12470 | Orc:2    | Noticed a two-headed ogre
 12470 | Orc:2    | Noticed an ogre mage
 12474 | Orc:2    | Noticed a two-headed ogre
 12476 | Orc:2    | Noticed a two-headed ogre
 12483 | Orc:2    | Killed an ogre mage
 12484 | Orc:2    | Noticed an orc high priest
 12496 | Orc:2    | Killed a two-headed ogre
 12496 | Orc:2    | Reached skill level 9 in Earth Magic
 12508 | Orc:2    | Noticed a two-headed ogre
 12517 | Orc:2    | Killed a two-headed ogre
 12522 | Orc:2    | Slain by a two-headed ogre

Skill      XL: |  1  2  3  4  5  6  7  8  9 10 11 12 |
---------------+-------------------------------------+-----
Conjurations   | 1 2 3 4 5 6 |  6.0
Shields        | 2 3 |  3.8
Poison Magic   | 2 5 6 |  6.0
Fire Magic     | 1 4 5 |  5.0
Air Magic      | 1 3 5 |  5.0
Spellcasting   | 6 7 |  7.1
Necromancy     | 5 8 |  8.8
Fighting       | 3 5 6 |  6.3
Slings         | 3 4 |  4.0
Earth Magic    | 8 9 |  9.0
Armour         | 3 |  3.5
Dodging        | 3 |  3.5
Stealth        | |  2.4
Summonings     | |  1.0
Translocations | |  0.8

Action                   |  1- 3 |  4- 6 |  7- 9 | 10-12 || total
-------------------------+-------+-------+-------+-------++-------
Melee: Dagger            |    45 |    78 |   246 |    73 ||   442
       Short sword       |     7 |       |       |       ||     7
       Trident           |       |       |       |    82 ||    82
       Dire flail        |       |       |       |    36 ||    36
       Demon trident     |       |       |       |    30 ||    30
 Fire: Hunting sling     |       |       |       |   393 ||   393
 Cast: Magic Dart        |    95 |    55 |    45 |    28 ||   223
       Mephitic Cloud    |     3 |     6 |    37 |    60 ||   106
       Conjure Flame     |       |       |    16 |    28 ||    44
       Dispel Undead     |       |       |       |     3 ||     3
       Borgnjor's Vile C |       |       |       |     2 ||     2
 Abil: Dig               |     3 |     3 |    12 |    17 ||    35
Evoke: Wand              |       |       |    14 |       ||    14
       Lamp of fire      |       |       |       |     1 ||     1
  Use: Potion            |     1 |       |     2 |       ||     3
       Scroll            |       |       |     5 |     6 ||    11
 Stab: Sleeping          |     1 |     5 |     2 |     2 ||    10
       Confused          |       |     2 |     9 |     3 ||    14
  Eat: Chunk             |     4 |     8 |    15 |    19 ||    46
Armor: Robe              |    11 |     4 |     5 |       ||    20
       Ring mail         |       |       |    34 |    50 ||    84
       Troll leather arm |       |       |       |    11 ||    11
Dodge: Dodged            |    71 |    45 |   108 |   152 ||   376
Block: Buckler           |       |       |    36 |    65 ||   101
